 Dungeon Crawl Stone Soup version 0.14-a0-2592-g262d02f (webtiles) character file.

109 4tharraofdagon the Firebug (level 3, -3/29 HPs)
             Began as a Minotaur Fire Elementalist on Feb 12, 2014.
             Was an Initiate of Dithmenos.
             Killed by divine providence
             ... invoked by an orc priest
              (12 damage)
             ... on Level 4 of the Dungeon.
             The game lasted 00:08:03 (658 turns).

4tharraofdagon the Firebug (MiFE)                    Turns: 658, Time: 00:08:04

HP  -3/29        AC  7     Str 13      XL: 3   Next: 83%
MP   3/3         EV 12     Int 12      God: Dithmenos [......]
Gold 48          SH  0     Dex 10      Spells:  1 memorised,  3 levels left

rFire  . . .     SeeInvis .     k - +2 dwarf war axe
rCold  . . .     Clarity  .     a - +0 robe
rNeg   . . .     Conserve .     (no shield)
rPois  .         rCorr    .     (helmet restricted)
rElec  .         rRot     .     (no cloak)
SustAb . .       Spirit   .     (no gloves)
rMut   .         Warding  .     (no boots)
Saprov . . .     Stasis   .     (no amulet)
MR     .....                    (no ring)
                                e - +5 ring of protection

@: not resistant to hostile enchantments, unstealthy
A: retaliatory headbutt, horns 2
a: Renounce Religion


You were on level 4 of the Dungeon.
You worshipped Dithmenos.
Dithmenos was noncommittal.
You were not hungry.

You visited 1 branch of the dungeon, and saw 4 of its levels.

You collected 48 gold pieces.

Inventory:

Hand weapons
 h - a +0,+0 dwarven hand axe
 k - a +2,+2 dwarven war axe (weapon)
Missiles
 f - 20 stones
 g - 3 tomahawks (quivered)
Armour
 a - a +0 robe (worn)
Magical devices
 l - a wand of random effects (7)
Comestibles
 c - 2 bread rations
Scrolls
 d - 4 scrolls of identify {unknown}
 i - 3 scrolls of teleportation {unknown}
 j - a scroll of remove curse {unknown}
 m - a scroll of curse weapon {unknown}
Jewellery
 e - a +5 ring of protection (left hand)
Potions
 n - a potion of restore abilities {unknown}
Books
 b - a book of Flames

   Spells                             Type                      Level
   *Flame Tongue                      Conjuration/Fire             1
   Throw Flame                        Conjuration/Fire             2
   Conjure Flame                      Conjuration/Fire             3
   Inner Flame                        Hexes/Fire                   3
   Sticky Flame                       Conjuration/Fire             4
   Fireball                           Conjuration/Fire             5
   Dithmenos disapproves of the use of such an item.


   Skills:
 + Level 1.7 Fighting
 * Level 1.7 Axes
 + Level 1.2 Armour
 - Level 2.1 Dodging
 - Level 1.5 Stealth
 - Level 1.4 Spellcasting
 - Level 1.0 Conjurations
 - Level 2.5 Fire Magic
 + Level 0.6 Evocations


You had 3 spell levels left.
You knew the following spells:

 Your Spells              Type           Power        Failure   Level  Hunger
a - Flame Tongue          Conj/Fire      #....        14%         1    ##.....


Dungeon Overview and Level Annotations

Branches:
Dungeon (4/16)
 Temple: D:4-7

Altars:
Dithmenos


Innate Abilities, Weirdness & Mutations

You reflexively headbutt those who attack you in melee.
You have a pair of horns on your head.


Message History

Found a falchion.
An orc comes into view. It is wielding an orcish club.
The orc shouts!
An orc priest comes into view. It is wielding an orcish club.
An orc comes into view. It is wielding an orcish hand axe.
The orc shouts!
The orc priest shouts!
A hobgoblin comes into view.
The orc priest invokes the aid of Beogh against you.
Pain shoots through your body!
The orc throws a tomahawk.
The tomahawk hits you!
Found 13 arrows.
An orc priest comes into view.
Things that are here:
a tomahawk; a blue potion
n - a blue potion The orc priest shouts!
The orc throws a tomahawk.
The tomahawk misses you.
The orc priest invokes the aid of Beogh against you.
Something smites you!
You die...

..................
.###.......<.<.......
...#.........<........
.......................
........................
.........(..............
...(...................
.......................
........@.............
..g..................
...............#...
..............###.
(...oo.........#
.....o.........
............. .o.......
...


You could see 2 orc priests, 2 orcs and a hobgoblin.

Vanquished Creatures
  A worker ant (D:4)
  A giant gecko (D:1)
  A ball python (D:1)
  2 bats
  2 giant cockroaches
  2 hobgoblins
  6 jackals (D:3)
  A quokka (D:3)
  4 giant newts
  2 goblins
  A goblin skeleton (D:2)
  7 kobolds
  A quokka zombie (D:2)
  5 rats (D:1)
36 creatures vanquished.

Notes
Turn   | Place    | Note
--------------------------------------------------------------
     0 | D:1      | 4tharraofdagon, the Minotaur Fire Elementalist, began the quest for the Orb.
     0 | D:1      | Reached XP level 1. HP: 14/14 MP: 2/2
   167 | D:1      | Reached XP level 2. HP: 13/22 MP: 2/2
   200 | D:1      | Reached skill level 1 in Conjurations
   395 | D:3      | Reached skill level 1 in Axes
   401 | D:3      | Reached skill level 1 in Fighting
   407 | D:3      | Reached XP level 3. HP: 20/28 MP: 3/3
   521 | D:4      | Reached skill level 1 in Armour
   627 | D:3      | Found a shadowy altar of Dithmenos.
   637 | D:3      | Became a worshipper of Dithmenos
   658 | D:4      | Killed from afar by an orc priest

Action                   || total
-------------------------++-------
Melee: Unarmed           ||    36
       Hand axe          ||    35
       War axe           ||    13
Throw: Tomahawk          ||     2
 Cast: Flame Tongue      ||     9
Evoke: Wand              ||     3
  Use: Potion            ||     2
 Stab: Sleeping          ||     1
